AoeStats
← A Clueless Peasant

Arabia

511335835Analyzed
1v1 RM · 14d ago on Oct 4, 2026· 49m 5s· 2 players
Game mode
Random Map
Map size
Tiny (2 player)
Population
200
Speed
Normal
Resources
Standard
Victory
Conquest
Starting age
Dark Age
Ending age
Imperial Age
RankedLock teamsTeams togetherTeam positionsShared explorationLock speedFull tech treeHidden civsTurbo modeCheats
Victory
Defeat
🇺🇸 Vikings · United States
643
+14
vs
🇦🇷 Byzantines · Argentina
599
-14
Neodanz
10:32 Feudal Age
11:12 Double-Bit Axe
13:48 Wheelbarrow
19:32 Horse Collar
25:56 Castle Age
24:33 Arson
24:59 Man-at-Arms
28:43 Gambesons
30:48 Squires
37:10 Long Swordsman
43:01 Bow Saw
44:24 Fletching
44:46 Forging
45:06 Heavy Plow
49:53 Imperial Age
46:54 Elite Skirmisher
47:48 Thumb Ring
A Clueless Peasant
3:11 Loom
10:57 Feudal Age
11:44 Double-Bit Axe
14:13 Town Watch
17:27 Man-at-Arms
22:26 Castle Age
22:28 Long Swordsman
23:09 Squires
22:41 Elite Skirmisher
24:19 Fletching
25:49 Pikeman
34:00 Forging
35:10 Gold Mining
35:04 Horse Collar
35:38 Bow Saw
39:15 Scale Mail Armor
42:12 Imperial Age
42:29 Ballistics
42:54 Town Patrol
43:56 Elite Berserk
47:07 Two-Handed Swordsman
48:55 Chieftains
Connection lost

Rejoining the realm…

Still unreachable

The connection could not be restored.

Session expired

The server has moved on; the page needs a fresh start.